[Event "Titled Tuesday Blitz April 11 Early 2023"]
[White "Derichs, Roger"]
[Black "Janaszak, Dawid"]
[WhiteFideId "4630076"]
[BlackFideId "1119206"]
[WhiteElo "2376"]
[BlackElo "2220"]
[Result "0-1"]
[Round "08"]
[TimeControl "180+2"]
[Date "2023.04.11"]
[WhiteClock "0:00:30"]
[BlackClock "0:00:30"]

1. d4 Nf6 2. c4 c5 3. d5 b5 4. cxb5 a6 5. bxa6 e6 6. Nc3 Bxa6 7. e4 Bxf1 8. Kxf1 d6 9. Nf3 exd5 10. Nxd5 Nbd7 11. Bg5 Be7 12. Bxf6 Nxf6 13. Qc2 O-O 14. g3 Nxd5 15. exd5 Bf6 16. Kg2 Qb8 17. Rhb1 Re8 18. Nd2 Re2 19. Qd3 Qe8 20. Nc4 Bd4 21. Rf1 Ra6 22. Kf3 Re7 23. a3 Qa8 24. Ne3 g6 25. Rab1 Ra4 26. Rfe1 Re5 27. Red1 f5 28. Kg2 Ra7 29. Kg1 Rae7 30. Re1 Re4 31. h4 f4 32. Nc2 Qxd5 33. Rxe4 Bxf2+ 0-1


[Site "https://www.chess.com"]

[Event "Titled Tuesday Blitz April 11 Early 2023"]
[White "Buscar, Michael"]
[Black "Garv Gaur"]
[WhiteFideId "2603616"]
[BlackFideId "45030839"]
[WhiteElo "2010"]
[BlackElo "2068"]
[Result "0-1"]
[Round "08"]
[TimeControl "180+2"]
[Date "2023.04.11"]
[WhiteClock "0:00:02"]
[BlackClock "0:00:49"]

1. d4 Nf6 2. c4 e6 3. Nc3 Bb4 4. e3 d5 5. Bd3 O-O 6. Ne2 b6 7. cxd5 exd5 8. O-O Re8 9. Ng3 Bf8 10. Nce2 c5 11. dxc5 bxc5 12. b3 Qb6 13. Qc2 Nc6 14. a3 Ne5 15. Bf5 Ba6 16. Bb2 g6 17. Bh3 Bd3 18. Qd1 c4 19. Bxe5 Rxe5 20. bxc4 dxc4 21. Re1 Rb5 22. Nf4 Rd8 23. Qf3 Bg7 24. Nge2 Ne4 25. Nd4 Nd2 26. Qd1 Rb2 27. Nxd3 cxd3 28. Nf3 Ne4 29. Rb1 Nxf2 30. Rxb2 Qxb2 31. Qa4 Nxh3+ 32. gxh3 Qf6 33. Rf1 Qb6 34. Nd2 Qxe3+ 35. Rf2 Bd4 0-1


[Site "https://www.chess.com"]

[Event "Titled Tuesday Blitz April 11 Early 2023"]
[White "KorolDimitriy75"]
[Black "Leenhouts, Koen"]
[BlackFideId "1008439"]
[WhiteElo "2357"]
[BlackElo "2409"]
[Result "0-1"]
[Round "08"]
[TimeControl "180+2"]
[Date "2023.04.11"]
[WhiteClock "0:00:17"]
[BlackClock "0:01:36"]

1. d4 Nf6 2. c4 g6 3. Nc3 d5 4. cxd5 Nxd5 5. e4 Nxc3 6. bxc3 Bg7 7. Nf3 c5 8. Rb1 O-O 9. Be2 cxd4 10. cxd4 Qa5+ 11. Qd2 Qxd2+ 12. Bxd2 e6 13. O-O b6 14. Bb4 Rd8 15. Bb5 Bb7 16. Be7 Rc8 17. Rfc1 Nc6 18. Bxc6 Bxc6 19. e5 Be4 20. Ra1 Bd5 21. a4 Bh6 22. Rd1 Rc2 23. h4 Rac8 24. Bg5 Bf8 25. a5 b5 26. a6 b4 27. Nh2 b3 28. Ng4 b2 29. Nf6+ Kg7 30. Rab1 Ba2 31. f3 Bxb1 32. Rxb1 Rc1+ 0-1


[Site "https://www.chess.com"]

[Event "Titled Tuesday Blitz April 11 Early 2023"]
[White "Yurasova, Daria"]
[Black "Jarocka, Liwia"]
[WhiteFideId "34146919"]
[BlackFideId "21807558"]
[WhiteElo "2134"]
[BlackElo "2013"]
[Result "1-0"]
[Round "08"]
[TimeControl "180+2"]
[Date "2023.04.11"]
[WhiteClock "0:02:32"]
[BlackClock "0:02:25"]

1. d4 c5 2. d5 Nf6 3. Nf3 d6 4. Bg5 Nbd7 5. Nc3 g6 6. e4 Bg7 7. Be2 O-O 8. O-O Rb8 9. Nd2 b5 10. Bxb5 Nxe4 11. Ndxe4 Rxb5 12. Nxb5 Ba6 13. c4 1-0


[Site "https://www.chess.com"]

[Event "Titled Tuesday Blitz April 11 Early 2023"]
[White "Namitbir Singh Walia"]
[Black "Andrews, Todd"]
[WhiteFideId "35071068"]
[BlackFideId "2012456"]
[WhiteElo "2239"]
[BlackElo "2338"]
[Result "1-0"]
[Round "08"]
[TimeControl "180+2"]
[Date "2023.04.11"]
[WhiteClock "0:00:05"]
[BlackClock "0:00:02"]

1. e4 e6 2. d4 d5 3. Nd2 Nc6 4. c3 e5 5. dxe5 dxe4 6. Qa4 Bf5 7. Nxe4 Qd5 8. Ng3 Qxe5+ 9. Be3 O-O-O 10. Nf3 Qf6 11. Bb5 Bd3 12. Bxc6 Qxc6 13. Qxc6 bxc6 14. Ne5 Bg6 15. Nxc6 Re8 16. Nxa7+ Kb7 17. Nb5 h5 18. O-O-O h4 19. Ne2 Nf6 20. Nf4 Be4 21. Rhg1 Ra8 22. a3 g5 23. Ne2 Nd5 24. Bxg5 h3 25. f3 Nb6 26. fxe4 hxg2 27. Rxg2 Nc4 28. Nf4 Rg8 29. Bf6 Bh6 30. Rf2 Rg4 31. Rdf1 Ne3 32. Be5 Nxf1 33. Rxf1 f6 34. Bxc7 Kc6 35. c4 Ra4 36. b3 Ra8 37. Kb2 Re8 38. Nd5 Rg2+ 39. Kc3 Rxe4 40. Nd4+ Kd7 41. Nxf6+ Kxc7 42. Nxe4 Rxh2 43. Rf7+ Kd8 44. Ne6+ Kc8 45. Nd6+ Kb8 46. Rf8+ Ka7 47. Rf7+ Kb8 48. Kb4 1-0


[Site "https://www.chess.com"]

[Event "Titled Tuesday Blitz April 11 Early 2023"]
[White "Dwilewicz, Katarzyna"]
[Black "Baches Garcia, Guillermo"]
[WhiteFideId "1148486"]
[BlackFideId "2209764"]
[WhiteElo "2065"]
[BlackElo "2449"]
[Result "1-0"]
[Round "08"]
[TimeControl "180+2"]
[Date "2023.04.11"]
[WhiteClock "0:00:25"]
[BlackClock "0:00:12"]

1. e4 d5 2. exd5 Qxd5 3. Nf3 Nf6 4. d4 c6 5. Be2 Bf5 6. O-O e6 7. c4 Qa5 8. Nc3 Be7 9. Nh4 Bg6 10. Nxg6 hxg6 11. Bf4 Nh5 12. Bxh5 Qxh5 13. Qxh5 Rxh5 14. Rad1 Nd7 15. d5 exd5 16. cxd5 O-O-O 17. dxc6 bxc6 18. Rfe1 Bb4 19. Re4 Bxc3 20. bxc3 Nf6 21. Rxd8+ Kxd8 22. Ra4 a5 23. f3 Rb5 24. Rd4+ Rd5 25. Be5 Ke7 26. Rxd5 Nxd5 27. Bxg7 f6 28. c4 Nb6 29. g4 Nxc4 30. h4 a4 31. h5 gxh5 32. gxh5 Kf7 33. Bh6 Ne5 34. Kf2 c5 35. Be3 Nd3+ 36. Ke2 Nb4 37. a3 Na6 38. Kd3 Nc7 39. Kc4 Kg7 40. Kxc5 1-0


[Site "https://www.chess.com"]

[Event "Titled Tuesday Blitz April 11 Early 2023"]
[White "Qashashvili, Alexandre"]
[Black "Rios Escobar, Adan"]
[WhiteFideId "13600842"]
[BlackFideId "3403645"]
[WhiteElo "2405"]
[BlackElo "2447"]
[Result "0-1"]
[Round "08"]
[TimeControl "180+2"]
[Date "2023.04.11"]
[WhiteClock "0:00:01"]
[BlackClock "0:00:03"]

1. e4 c5 2. Nc3 d6 3. Nf3 Nf6 4. Bc4 e6 5. d3 Be7 6. a3 O-O 7. h3 Re8 8. O-O b6 9. e5 Nfd7 10. exd6 Bxd6 11. Bg5 Be7 12. Bxe7 Qxe7 13. Re1 Bb7 14. Qe2 Nf8 15. Ne5 Nbd7 16. Nxd7 Qxd7 17. Qe5 Rad8 18. Rad1 a6 19. Qg3 b5 20. Ba2 Qd4 21. Qe5 Qxe5 22. Rxe5 Rc8 23. Ne4 Nd7 24. Rg5 h6 25. Rg3 Bxe4 26. dxe4 Nf6 27. e5 Nh5 28. Rf3 g5 29. g3 c4 30. c3 Rc5 31. Re3 Ng7 32. Bb1 Nf5 33. Bxf5 exf5 34. Rd6 Re6 35. Rxe6 fxe6 36. f4 Rd5 37. Kf2 Kf7 38. Kf3 Kg6 39. g4 gxf4 40. Kxf4 fxg4 41. hxg4 Rd2 42. Re4 Rf2+ 43. Kg3 Rxb2 44. a4 Rb3 45. axb5 Rxc3+ 46. Kh4 axb5 47. Rf4 Kg7 48. Rf6 b4 49. Rxe6 b3 50. Rb6 Rc2 51. Rb7+ Kf8 52. Kh5 b2 53. Kg6 c3 54. Kf6 Rf2+ 55. Ke6 c2 56. Rxb2 c1=Q 57. Rxf2+ Kg7 58. Rf6 Qc4+ 59. Kf5 Qc8+ 60. Kf4 Qc1+ 61. Kg3 Qe1+ 62. Kf4 Qf2+ 63. Ke4 Qe2+ 64. Kf4 Qc4+ 65. Kf5 Qc8+ 66. Kf4 Qd7 67. Kg3 Qd4 68. Rf5 Kg6 69. Rh5 Qe3+ 70. Kh4 Qf2+ 71. Kh3 Qf1+ 72. Kg3 Qe1+ 73. Kf3 Qg1 74. Rf5 Qf1+ 75. Kg3 Qd3+ 76. Kh4 Qd4 77. Rh5 Qe4 78. Rf5 Qe3 79. Rf6+ Kg7 80. Rf5 Qe2 81. Kg3 Qe1+ 82. Kh3 Qg1 83. Rh5 Qe3+ 84. Kh4 Qf4 85. Rf5 Qh2# 0-1


[Site "https://www.chess.com"]

[Event "Titled Tuesday Blitz April 11 Early 2023"]
[White "Biriukov, Ilja"]
[Black "Kopczynski, Michal"]
[WhiteFideId "4113373"]
[BlackFideId "1124200"]
[WhiteElo "2426"]
[BlackElo "2212"]
[Result "0-1"]
[Round "08"]
[TimeControl "180+2"]
[Date "2023.04.11"]
[WhiteClock "0:00:20"]
[BlackClock "0:00:08"]

1. e4 c5 2. b4 cxb4 3. a3 bxa3 4. Nxa3 e5 5. f4 d6 6. Nf3 Nc6 7. Bc4 Be6 8. Bxe6 fxe6 9. Ng5 exf4 10. Nxe6 Qh4+ 11. Kf1 Kd7 12. d4 Kxe6 13. d5+ Kd7 14. dxc6+ bxc6 15. Nc4 Nf6 16. Ne5+ Kc7 17. Nf3 Qh5 18. Bxf4 Nxe4 19. Qd4 Nc5 20. Rd1 Qd5 21. Qxd5 cxd5 22. Rxd5 Ne6 23. Bg3 Rb8 24. Kf2 Rb2 25. Rc1 Be7 26. Kg1 Rhb8 27. h3 Rb1 28. Rxb1 Rxb1+ 29. Kh2 Rb2 30. c4 Rc2 31. c5 Rxc5 32. Rd1 a5 33. Ra1 Kb6 34. Re1 Ng5 35. Rxe7 Nxf3+ 36. gxf3 Rc2+ 37. Kg1 d5 38. Rxg7 a4 39. Rxh7 a3 40. Be5 a2 41. Bd4+ Kb5 42. Ra7 Kc4 43. Bg7 d4 44. Rc7+ Kd3 45. Rxc2 a1=Q+ 46. Kg2 Kxc2 47. Bxd4 Qxd4 48. h4 Qg7+ 49. Kh3 Kd3 0-1


[Site "https://www.chess.com"]

[Event "Titled Tuesday Blitz April 11 Early 2023"]
[White "Mazurkiewicz, Michal"]
[Black "Makhmudov, Shukhrat"]
[WhiteFideId "1124943"]
[BlackFideId "14200775"]
[WhiteElo "2054"]
[BlackElo "2135"]
[Result "1-0"]
[Round "08"]
[TimeControl "180+2"]
[Date "2023.04.11"]
[WhiteClock "0:00:20"]
[BlackClock "0:00:45"]

1. e4 e5 2. Nf3 Nc6 3. Bb5 a6 4. Bxc6 dxc6 5. O-O Bg4 6. h3 h5 7. d3 Qf6 8. Nbd2 Ne7 9. Re1 Ng6 10. d4 Nf4 11. dxe5 Qg6 12. Nh4 Bxd1 13. Nxg6 Nxg6 14. Rxd1 O-O-O 15. Re1 Bb4 16. c3 Bc5 17. Nf3 Rhe8 18. Be3 Bxe3 19. Rxe3 Nf4 20. Ng5 Re7 21. Rf3 Nd3 22. Rxf7 Rxe5 23. Rxg7 Nxb2 24. f4 Rc5 25. f5 Rxc3 26. f6 Rcd3 27. Ne6 Rd1+ 28. Rxd1 Rxd1+ 29. Kh2 Rf1 30. f7 Nd3 31. f8=R+ Rxf8 32. Nxf8 Nc5 33. e5 b5 34. e6 Nxe6 35. Nxe6 Kb7 36. Rxc7+ Kb6 37. Rh7 a5 38. Rxh5 b4 39. Re5 a4 40. h4 c5 41. Nxc5 Kb5 42. h5 b3 43. axb3 a3 44. h6 a2 45. Re1 1-0


[Site "https://www.chess.com"]

[Event "Titled Tuesday Blitz April 11 Early 2023"]
[White "Mazarini41"]
[Black "Coelho, Ramyres Santana"]
[BlackFideId "2120690"]
[WhiteElo "2415"]
[BlackElo "1888"]
[Result "1-0"]
[Round "08"]
[TimeControl "180+2"]
[Date "2023.04.11"]
[WhiteClock "0:00:56"]
[BlackClock "0:00:01"]

1. d4 Nf6 2. c4 g6 3. Nf3 Bg7 4. g3 d6 5. Bg2 O-O 6. O-O Nc6 7. Nc3 e5 8. dxe5 Nxe5 9. b3 Nxf3+ 10. Bxf3 Ng4 11. Bb2 Ne5 12. Bg2 Nc6 13. Qd2 Be6 14. Nd5 Bxb2 15. Qxb2 Bxd5 16. cxd5 Ne5 17. Rac1 Qf6 18. Qd2 Qe7 19. Rc3 f5 20. Rfc1 Rac8 21. Qd4 Ng4 22. e3 b6 23. Bf1 Ne5 24. Kg2 Ng4 25. Ba6 Qe4+ 26. f3 Qxd4 27. exd4 Nf6 28. Bxc8 Rxc8 29. Rxc7 Re8 30. Rc8 Kf8 31. Rxe8+ Kxe8 32. Rc7 Nxd5 33. Rxa7 h6 34. a4 Ne3+ 35. Kh3 Nc2 36. Rg7 Nxd4 37. Rxg6 Ke7 38. Rxh6 Nxf3 39. Rh7+ Ke6 40. Rb7 d5 41. Rxb6+ Kd7 42. a5 d4 43. a6 d3 44. a7 d2 45. a8=Q d1=Q 46. Qa7+ Kd8 47. Rb8# 1-0


[Site "https://www.chess.com"]

[Event "Titled Tuesday Blitz April 11 Early 2023"]
[White "Halldorsson, Halldor"]
[Black "morozcoma"]
[WhiteFideId "2301369"]
[WhiteElo "2190"]
[BlackElo "2277"]
[Result "0-1"]
[Round "08"]
[TimeControl "180+2"]
[Date "2023.04.11"]
[WhiteClock "0:01:52"]
[BlackClock "0:01:37"]

1. e4 e5 2. Nf3 Nc6 3. Bb5 a6 4. Ba4 Nf6 5. O-O Nxe4 6. d4 b5 7. Bb3 d5 8. dxe5 Be6 9. c3 Be7 10. Nbd2 Nc5 11. Bc2 O-O 12. Nd4 Qd7 13. f4 f5 14. Nxe6 Qxe6 15. b4 Ne4 16. Nxe4 fxe4 17. Bb3 Rad8 18. Be3 Kh8 19. Qc2 Qf5 20. Rad1 d4 21. cxd4 Nxb4 22. Qxc7 Rd7 23. Qc3 Nd3 24. Rxd3 exd3 25. d5 Qe4 26. Qd4 Qxd4 27. Bxd4 d2 28. Rd1 Rxf4 29. Be3 Re4 30. e6 Rc7 31. Bxd2 Rd4 32. Be3 Rxd1+ 33. Bxd1 Bd6 34. g3 Kg8 35. Kf2 Kf8 36. Bg5 h6 37. Kf3 hxg5 0-1


[Site "https://www.chess.com"]

[Event "Titled Tuesday Blitz April 11 Early 2023"]
[White "mjelcic"]
[Black "Tarasova, Viktoriya"]
[BlackFideId "4175840"]
[WhiteElo "2257"]
[BlackElo "2182"]
[Result "1-0"]
[Round "08"]
[TimeControl "180+2"]
[Date "2023.04.11"]
[WhiteClock "0:00:35"]
[BlackClock "0:00:01"]

1. c4 Nf6 2. Nc3 e5 3. g3 Bb4 4. Bg2 O-O 5. e4 Bxc3 6. dxc3 d6 7. Ne2 a5 8. Qc2 Be6 9. b3 a4 10. Bb2 Nbd7 11. O-O Nb6 12. f4 exf4 13. gxf4 Bd7 14. Rae1 Re8 15. Ng3 Bc6 16. Bc1 Qd7 17. Be3 axb3 18. axb3 h5 19. Bd4 h4 20. Nf5 Re6 21. Nxh4 Rae8 22. Bxf6 Rxf6 23. Nf5 g6 24. Nd4 Kg7 25. Nxc6 bxc6 26. Qd3 c5 27. b4 Qe6 28. Kh1 Nxc4 29. bxc5 dxc5 30. Rf2 Nb6 31. e5 Rf5 32. Bh3 Qc6+ 33. Bg2 Qa4 34. Be4 Rh5 35. Qf3 Reh8 36. Rg2 Rh4 37. f5 1-0


[Site "https://www.chess.com"]

[Event "Titled Tuesday Blitz April 11 Early 2023"]
[White "Moussard, Jules"]
[Black "Sohier, Julien"]
[WhiteFideId "642908"]
[BlackFideId "645346"]
[WhiteElo "2610"]
[BlackElo "2209"]
[Result "1-0"]
[Round "08"]
[TimeControl "180+2"]
[Date "2023.04.11"]
[WhiteClock "0:01:33"]
[BlackClock "0:00:57"]

1. c4 e5 2. Nc3 Bb4 3. e3 Nf6 4. Nge2 O-O 5. a3 Bxc3 6. Nxc3 d5 7. cxd5 Nxd5 8. Qc2 Nc6 9. Bd3 h6 10. Be4 Be6 11. O-O f5 12. Bxd5 Bxd5 13. Nxd5 Qxd5 14. b4 f4 15. f3 Rae8 16. Bb2 e4 17. Qc3 Re7 18. fxe4 Qxe4 19. Rae1 f3 20. gxf3 Rxf3 21. Rxf3 Qxf3 22. Qc4+ Qf7 23. Qxf7+ Rxf7 24. Rf1 Rxf1+ 25. Kxf1 Kf7 26. e4 g5 27. Ke2 h5 28. Ke3 Ke6 29. d4 Kd6 30. d5 Nd8 31. Bf6 Nf7 32. Kd4 1-0


[Site "https://www.chess.com"]

[Event "Titled Tuesday Blitz April 11 Early 2023"]
[White "Womacka, Mathias"]
[Black "Prudnykova, Olga"]
[WhiteFideId "4611390"]
[BlackFideId "14121093"]
[WhiteElo "2377"]
[BlackElo "2113"]
[Result "1-0"]
[Round "08"]
[TimeControl "180+2"]
[Date "2023.04.11"]
[WhiteClock "0:00:41"]
[BlackClock "0:00:09"]

1. e4 c5 2. Nf3 Nf6 3. Nc3 e6 4. d4 cxd4 5. Nxd4 Nc6 6. Nxc6 bxc6 7. e5 Nd5 8. Ne4 Qc7 9. f4 Rb8 10. Bd3 Qb6 11. Qe2 Be7 12. c4 f5 13. cxd5 fxe4 14. Bxe4 cxd5 15. Qh5+ Kd8 16. Bd3 Bb4+ 17. Ke2 Ba6 18. Qf3 g6 19. a3 Bf8 20. b4 Bxd3+ 21. Qxd3 a6 22. Be3 Qb5 23. Rhc1 d6 24. Bd4 Rg8 25. Qxb5 axb5 26. Rc6 Kd7 27. Ra6 Be7 28. Ra7+ Ke8 29. Rc1 dxe5 30. Bxe5 Rd8 31. Rcc7 Bd6 32. Bxd6 Rxd6 33. Re7+ Kf8 34. Rxh7 Rd8 35. Rhf7+ 1-0


[Site "https://www.chess.com"]

[Event "Titled Tuesday Blitz April 11 Early 2023"]
[White "Kaplan, Avi Harrison"]
[Black "Eggleston, Thomas A"]
[WhiteFideId "30934559"]
[BlackFideId "412139"]
[WhiteElo "1983"]
[BlackElo "2155"]
[Result "1-0"]
[Round "08"]
[TimeControl "180+2"]
[Date "2023.04.11"]
[WhiteClock "0:00:10"]
[BlackClock "0:00:05"]

1. h3 e5 2. a3 d5 3. b4 a5 4. b5 f5 5. Bb2 Bd6 6. Nf3 Qe7 7. d4 e4 8. Ne5 Nd7 9. Nxd7 Bxd7 10. e3 f4 11. Qh5+ g6 12. Qxd5 Nf6 13. Qxb7 O-O 14. Bc4+ Kg7 15. Nc3 Rfb8 16. Nd5 Qd8 17. Qxa8 Rxa8 18. Nxf6 Kxf6 19. d5+ Be5 20. Bxe5+ Kxe5 21. exf4+ Kxf4 22. d6 cxd6 23. Rd1 Ke5 24. Rd5+ Kf6 25. Rxd6+ Ke7 26. Rd4 Qb6 27. Rxe4+ Kf8 28. O-O Bf5 29. Rf4 Kg7 30. g4 Qd6 31. Rf3 Be6 32. Rd3 Qb6 33. Bxe6 Qxe6 34. a4 Rc8 35. Rd2 Qe4 36. Rc1 Qxa4 37. Rd7+ Kh8 38. Re1 Qxc2 39. Ree7 Qc3 40. b6 Rb8 41. b7 a4 42. Rc7 Qa1+ 43. Kg2 Qg7 44. Rxg7 1-0


[Site "https://www.chess.com"]

[Event "Titled Tuesday Blitz April 11 Early 2023"]
[White "crosky"]
[Black "Rodchenkov, Sergey D."]
[BlackFideId "4168712"]
[WhiteElo "2301"]
[BlackElo "2277"]
[Result "0-1"]
[Round "08"]
[TimeControl "180+2"]
[Date "2023.04.11"]
[WhiteClock "0:00:02"]
[BlackClock "0:00:34"]

1. c4 e5 2. g3 Nf6 3. Bg2 c6 4. Nf3 e4 5. Nd4 d5 6. d3 Bc5 7. Nb3 Be7 8. cxd5 cxd5 9. Nc3 Bf5 10. Bg5 Nbd7 11. Nd4 Bg6 12. Rc1 a6 13. O-O O-O 14. dxe4 dxe4 15. f3 exf3 16. Nxf3 Bc5+ 17. Kh1 h6 18. Bh4 Be7 19. Nd5 Nxd5 20. Qxd5 Bxh4 21. Nxh4 Nf6 22. Qxb7 Rb8 23. Qxa6 Rxb2 24. Nxg6 fxg6 25. a4 Qe7 26. Bf3 Rfb8 27. a5 R2b5 28. Rc8+ Rxc8 29. Qxc8+ Kh7 30. a6 Ra5 31. Bb7 Qxe2 32. Qh3 Ra2 33. Bg2 Rxa6 34. Qc8 Ra2 35. Qb7 h5 36. Rxf6 Ra1+ 37. Rf1 Rxf1+ 38. Bxf1 Qxf1# 0-1


[Site "https://www.chess.com"]

[Event "Titled Tuesday Blitz April 11 Early 2023"]
[White "Mordechai, Hanan"]
[Black "Kula, Robert"]
[WhiteFideId "2804166"]
[BlackFideId "1101218"]
[WhiteElo "2324"]
[BlackElo "2180"]
[Result "1-0"]
[Round "08"]
[TimeControl "180+2"]
[Date "2023.04.11"]
[WhiteClock "0:02:13"]
[BlackClock "0:01:25"]

1. e4 e5 2. Nf3 Nc6 3. Bc4 Be7 4. O-O Nf6 5. d3 O-O 6. h3 d6 7. Be3 Be6 8. Nbd2 Nd7 9. Bxe6 fxe6 10. c3 a6 11. Qb3 Rf6 12. Qxb7 Na5 13. Qb4 c5 14. Qa4 Rb8 15. Bg5 Rf7 16. Bxe7 Rxe7 17. b4 cxb4 18. cxb4 Nb7 19. Qxa6 Nb6 20. Qb5 Rc7 21. Qxb6 1-0


[Site "https://www.chess.com"]

[Event "Titled Tuesday Blitz April 11 Early 2023"]
[White "mohsengabr2002"]
[Black "Alahakoon, Isuru"]
[BlackFideId "9900993"]
[WhiteElo "2420"]
[BlackElo "1995"]
[Result "1-0"]
[Round "08"]
[TimeControl "180+2"]
[Date "2023.04.11"]
[WhiteClock "0:01:46"]
[BlackClock "0:00:43"]

1. f3 d5 2. g3 e5 3. e3 Nc6 4. d3 h5 5. Nh3 h4 6. g4 f5 7. g5 Be7 8. f4 Be6 9. Bg2 Qd7 10. O-O O-O-O 11. d4 e4 12. b3 Bd6 13. Nd2 Nge7 14. c4 Ng6 15. c5 Be7 16. a3 a5 17. Bb2 Na7 18. b4 Qb5 19. Bc3 Nc6 20. Rf2 Kd7 21. Bf1 axb4 22. Bxb5 bxc3 23. Nb3 Ra8 24. a4 Ra7 25. Qc2 Rha8 26. Qxc3 Kd8 27. Bxc6 bxc6 28. a5 Bc8 29. Rfa2 Ba6 30. Nf2 Kd7 31. Nc1 Nf8 32. Rb2 Ne6 33. Na2 Bb5 34. Nb4 Rxa5 35. Rxa5 Rxa5 36. Ra2 Rxa2 37. Nxa2 Bd8 38. Qa5 Be7 39. Nc3 Be2 40. Nxe2 1-0


[Site "https://www.chess.com"]

[Event "Titled Tuesday Blitz April 11 Early 2023"]
[White "Kohler, Aran"]
[Black "Estrada Nieto, Julian"]
[WhiteFideId "1002856"]
[BlackFideId "5101018"]
[WhiteElo "2292"]
[BlackElo "2161"]
[Result "1-0"]
[Round "08"]
[TimeControl "180+2"]
[Date "2023.04.11"]
[WhiteClock "0:00:05"]
[BlackClock "0:00:18"]

1. d4 d5 2. c4 dxc4 3. Nf3 Nf6 4. e3 e6 5. Bxc4 a6 6. Nc3 c5 7. O-O b5 8. Bd3 Bb7 9. Qe2 Nbd7 10. Rd1 Qb6 11. Ne5 Rd8 12. Nxd7 Rxd7 13. a4 c4 14. Bb1 Bb4 15. f3 O-O 16. axb5 axb5 17. Kh1 Rfd8 18. Ne4 Nd5 19. Bd2 Bxd2 20. Rxd2 e5 21. Bc2 Nb4 22. Nc5 Qxc5 23. Bxh7+ Kxh7 24. dxc5 Rxd2 25. Qe1 Nc2 26. Qh4+ Kg8 27. Rg1 Nxe3 28. h3 Nxg2 29. Qg4 g6 30. Rxg2 Rxg2 31. Kxg2 Rd3 32. Qg5 Bxf3+ 33. Kf2 Bd5 34. Qf6 Be6 35. Qxe5 Rd2+ 36. Ke3 Rd5 37. Qb8+ Kg7 38. c6 Rh5 39. c7 Rxh3+ 40. Kd4 Rb3 41. c8=Q Bxc8 42. Qxc8 Rxb2 43. Kc3 Rb3+ 44. Kc2 Rf3 45. Qg4 Rf5 46. Qd4+ Kh6 47. Qh4+ Kg7 48. Qd4+ f6 49. Kc3 g5 50. Qd7+ Kg6 51. Qe8+ Kh6 52. Qh8+ Kg6 53. Qe8+ Kg7 54. Qd7+ Kh6 55. Qxf5 Kh5 56. Qxf6 g4 57. Qf2 Kg5 58. Qg3 Kf5 59. Kb4 Ke4 60. Kxb5 c3 61. Qxc3 Kf4 62. Qf6+ Kg3 63. Kc4 Kh3 64. Qh6+ Kg2 65. Kd3 g3 66. Ke3 Kg1 67. Kf3 g2 68. Qg5 1-0


[Site "https://www.chess.com"]

[Event "Titled Tuesday Blitz April 11 Early 2023"]
[White "Fajdetic, Hrvoje"]
[Black "Liu, Casper"]
[WhiteFideId "14501945"]
[BlackFideId "1454153"]
[WhiteElo "2185"]
[BlackElo "2221"]
[Result "1-0"]
[Round "08"]
[TimeControl "180+2"]
[Date "2023.04.11"]
[WhiteClock "0:00:15"]
[BlackClock "0:00:15"]

1. d4 f5 2. Bg5 Nf6 3. Bxf6 exf6 4. e3 d5 5. c4 c6 6. Qb3 Bd6 7. cxd5 cxd5 8. Bb5+ Nc6 9. Nc3 Be6 10. Nge2 O-O 11. h4 Kh8 12. g3 Nb4 13. a3 a6 14. axb4 axb5 15. O-O-O Qe7 16. Nf4 Bxb4 17. Nxe6 Rfc8 18. Nc5 Bxc3 19. bxc3 b6 20. Qxd5 bxc5 21. dxc5 Ra1+ 22. Kb2 Ra7 23. Qd6 Qe8 24. Rd5 h6 25. Rhd1 Qe4 26. Qf4 Qe6 27. Rd8+ Rxd8 28. Rxd8+ Kh7 29. c4 bxc4 30. Kc3 Ra3+ 31. Kb4 Rb3+ 32. Ka5 c3 33. Rb8 Ra3+ 34. Kb4 Rb3+ 35. Ka5 Rxb8 36. Qxb8 c2 37. Qb2 Qc4 38. Qc1 Qxc5+ 39. Ka4 Kg6 40. Kb3 Kh5 41. Qxc2 Qxc2+ 42. Kxc2 Kg4 43. Kd2 Kf3 44. Ke1 h5 45. Kf1 g5 46. Kg1 gxh4 47. gxh4 Kg4 48. Kg2 Kxh4 49. f3 Kg5 50. Kg3 h4+ 51. Kh3 f4 52. e4 Kh5 53. Kg2 Kg5 54. Kh3 Kh5 55. Kg2 Kh6 56. Kh3 Kg5 57. Kh2 f5 58. e5 Kg6 59. Kh3 Kf7 60. Kxh4 Ke6 61. Kg5 Kxe5 62. Kg6 Kd4 63. Kxf5 Ke3 64. Kg4 Kd4 65. Kxf4 Kd5 66. Kf5 Kd6 67. Kf6 Kd7 68. Kf7 Kd6 69. f4 Kd5 70. f5 1-0


[Site "https://www.chess.com"]

[Event "Titled Tuesday Blitz April 11 Early 2023"]
[White "Skaric, Djuro"]
[Black "Szyszylo, Rafal"]
[WhiteFideId "934569"]
[BlackFideId "1109626"]
[WhiteElo "2282"]
[BlackElo "1951"]
[Result "1-0"]
[Round "08"]
[TimeControl "180+2"]
[Date "2023.04.11"]
[WhiteClock "0:01:33"]
[BlackClock "0:00:02"]

1. g3 d6 2. Bg2 g6 3. d3 Nf6 4. Nf3 Bg7 5. O-O O-O 6. Nc3 e5 7. e4 Bg4 8. h3 Bxf3 9. Bxf3 Nc6 10. Bg2 Qe7 11. f4 Nh5 12. Ne2 f5 13. Kh2 Rae8 14. Be3 exf4 15. gxf4 fxe4 16. dxe4 Nf6 17. Nc3 a6 18. Qd2 Kh8 19. Rae1 Qd7 20. Qf2 b5 21. a3 Na5 22. Bf3 Nc4 23. Bc1 c6 24. Qg3 c5 25. Rg1 b4 26. axb4 cxb4 27. Nd1 Ng8 28. Nf2 Nb6 29. Ng4 Nc4 30. b3 Na3 31. Rg2 a5 32. Reg1 Qe7 33. Ne3 Rc8 34. Nd5 Qf7 35. f5 gxf5 36. Qxg7+ Qxg7 37. Rxg7 fxe4 38. Bxe4 Nf6 39. Nxf6 1-0


[Site "https://www.chess.com"]

[Event "Titled Tuesday Blitz April 11 Early 2023"]
[White "Van Osch, Mees"]
[Black "Chabris, Christopher"]
[WhiteFideId "1035967"]
[BlackFideId "2005263"]
[WhiteElo "2324"]
[BlackElo "2274"]
[Result "0-1"]
[Round "08"]
[TimeControl "180+2"]
[Date "2023.04.11"]
[WhiteClock "0:02:01"]
[BlackClock "0:00:11"]

1. e4 c5 2. Nf3 Nc6 3. d4 cxd4 4. Nxd4 e5 5. Nb5 d6 6. N1c3 a6 7. Na3 Be7 8. Nc4 b5 9. Ne3 Nf6 10. g3 h5 11. Bg2 h4 12. Ned5 b4 13. Nxf6+ Bxf6 14. Nd5 Rb8 15. Be3 O-O 16. O-O g6 17. f4 exf4 18. gxf4 Bxb2 19. Rb1 Bg7 20. f5 Be5 21. Qg4 Nd4 22. Bg5 f6 23. Bxh4 g5 24. Bxg5 fxg5 25. Qxg5+ Qxg5 0-1


[Site "https://www.chess.com"]

[Event "Titled Tuesday Blitz April 11 Early 2023"]
[White "Krzywda, Andrzej"]
[Black "Zaichenko, Daria"]
[WhiteFideId "1114565"]
[BlackFideId "4197453"]
[WhiteElo "2155"]
[BlackElo "2039"]
[Result "1-0"]
[Round "08"]
[TimeControl "180+2"]
[Date "2023.04.11"]
[WhiteClock "0:00:29"]
[BlackClock "0:00:40"]

1. e4 c5 2. Nf3 Nc6 3. d4 cxd4 4. Nxd4 Nf6 5. Nc3 d6 6. Bg5 e6 7. Qd2 a6 8. O-O-O Bd7 9. f3 Be7 10. h4 b5 11. Nxc6 Bxc6 12. Ne2 d5 13. Nd4 Bb7 14. e5 Nd7 15. f4 Bxg5 16. hxg5 Nc5 17. Bd3 Qb6 18. Qe3 g6 19. Kb1 O-O-O 20. Nb3 Nd7 21. Qxb6 Nxb6 22. Nd4 Nc4 23. Rh3 Kc7 24. b3 Na3+ 25. Kb2 b4 26. Rdh1 Kb6 27. Rxh7 Rxh7 28. Rxh7 Rf8 29. g4 a5 30. f5 gxf5 31. gxf5 exf5 32. Nxf5 Rg8 33. Rxf7 Rxg5 34. e6 Rg1 35. c4 Rg2+ 36. Kc1 dxc4 37. bxc4 a4 38. Rxb7+ Kxb7 39. Be4+ Kb6 40. Bxg2 b3 41. axb3 axb3 42. e7 1-0


[Site "https://www.chess.com"]